TOP OF THE 1ST |
Tri-City Dust Devils batting - Pitching for Bend Bandits : RHP Mark Schuler
|
Pitching: RHP Mark Schuler
|
|
Batting: LHB LaVel Freeman
|
0-0: SINGLE (Flyball, 7LS, EV 94.4 MPH)
|
Batting: LHB Kevin Jones
|
0-0: Ball 1-0: SINGLE (Groundball, 4MD, EV 96.3 MPH) LaVel Freeman to second Runner from 2nd tries for 3rd, SAFE, throw by CF made to third
|
Batting: RHB Desmond Brooks
|
0-0: Ball 1-0: Ball 2-0: Ball 3-0: Base on Balls Kevin Jones to second
|
Batting: LHB Rafael Codinach
|
0-0: Ball 1-0: Called Strike 1-1: Ball 2-1: Foul Ball, location: 2F 2-2: Ball 3-2: Foul Ball, location: 2F 3-2: Grounds into double play, 6-4-3 (Groundball, 6, EV 97.5 MPH) LaVel Freeman scores Kevin Jones to third
|
Batting: RHB Felipe Hernandez
|
0-0: Called Strike 0-1: Foul Ball, location: 2F 0-2: Ball 1-2: Foul Ball, location: 2F 1-2: Ball 2-2: Strikes out swinging
|
Top of the 1st over - 1 run, 2 hits, 0 errors, 1 left on base; Tri-City 1 - Bend 0 |
BOTTOM OF THE 1ST |
Bend Bandits batting - Pitching for Tri-City Dust Devils : LHP Bobby Garcia
|
Pitching: LHP Bobby Garcia
|
|
Batting: RHB Ronald Harper
|
0-0: Foul Ball, location: 2F 0-1: Swinging Strike 0-2: Ball 1-2: Foul Ball, location: 2F 1-2: Ground out 6-3 (Groundball, 56, EV 88.1 MPH)
|
Batting: LHB Jerome Coleman
|
0-0: Ball 1-0: Ball 2-0: Ground out 6-3 (Groundball, 56, EV 106.9 MPH)
|
Batting: RHB Kevin Romine
|
0-0: Swinging Strike 0-1: Foul Ball, location: 2F 0-2: Ball 1-2: Ball 2-2: Strikes out swinging
|
Bottom of the 1st over - 0 runs, 0 hits, 0 errors, 0 left on base; Tri-City 1 - Bend 0 |
TOP OF THE 2ND |
Tri-City Dust Devils batting - Pitching for Bend Bandits : RHP Mark Schuler
|
Batting: LHB George Priftis
|
0-0: Foul Ball, location: 2F 0-1: Foul Ball, location: 2F 0-2: Ball 1-2: Ball 2-2: Foul Ball, location: 2F 2-2: Fly out, F7 (Line Drive, 7, EV 92.5 MPH)
|
Batting: LHB Daraka Shaheed
|
0-0: Ball 1-0: Ball 2-0: Foul Ball, location: 2F 2-1: Foul Ball, location: 2F 2-2: Ball 3-2: DOUBLE (Groundball, 5L, EV 99.4 MPH)
|
Batting: RHB Dennis Glynn
|
0-0: Fly out, F9 (Flyball, 9D, EV 90.6 MPH) Runner from 2nd tags up, SAFE at 3rd, no throw by RF
|
Batting: RHB Jeff DeWillis
|
0-0: Swinging Strike 0-1: Ball 1-1: Foul Ball, location: 2F 1-2: Strikes out looking
|
Top of the 2nd over - 0 runs, 1 hit, 0 errors, 1 left on base; Tri-City 1 - Bend 0 |
BOTTOM OF THE 2ND |
Bend Bandits batting - Pitching for Tri-City Dust Devils : LHP Bobby Garcia
|
Batting: RHB Jeff Doerr
|
0-0: Foul Ball, location: 2F 0-1: Fly out, F7 (Flyball, 7LD, EV 75.0 MPH)
|
Batting: LHB Barry Houston
|
0-0: Fly out, F5 (Line Drive, 5, EV 68.1 MPH)
|
Batting: RHB Trajano Estrela
|
0-0: Ball 1-0: Ball 2-0: Ball 3-0: Called Strike 3-1: Swinging Strike 3-2: Base on Balls
|
Batting: RHB Jeffrey Thompson
|
0-0: Ball 1-0: Ball 2-0: SINGLE (Groundball, 6MD, EV 96.3 MPH) Trajano Estrela to second Runner from 2nd tries for 3rd, OUT! 8-5
|
Bottom of the 2nd over - 0 runs, 1 hit, 0 errors, 1 left on base; Tri-City 1 - Bend 0 |
TOP OF THE 3RD |
Tri-City Dust Devils batting - Pitching for Bend Bandits : RHP Mark Schuler
|
Batting: LHB LaVel Freeman
|
0-0: Ball 1-0: DOUBLE (Line Drive, 7LM, EV 108.1 MPH)
|
Batting: LHB Kevin Jones
|
0-0: Ball 1-0: Called Strike 1-1: Foul Ball, location: 2F 1-2: Foul Ball, location: 2F 1-2: Ball 2-2: Fly out, F8 (Flyball, 8LS, EV 80.0 MPH)
|
Batting: RHB Desmond Brooks
|
0-0: Ball 1-0: Called Strike 1-1: Ball 2-1: Foul Ball, location: 2F 2-2: Ball 3-2: Base on Balls
|
Batting: LHB Rafael Codinach
|
0-0: Called Strike 0-1: Swinging Strike 0-2: Ball 1-2: Ball 2-2: Fly out, F6 (Flyball, 56D, EV 91.9 MPH)
|
Batting: RHB Felipe Hernandez
|
0-0: Ball 1-0: Swinging Strike 1-1: Ball 2-1: Foul Ball, location: 2F 2-2: Foul Ball, location: 2F 2-2: Foul Ball, location: 2F 2-2: SINGLE (Line Drive, 89M, EV 105.0 MPH) LaVel Freeman to third Desmond Brooks to second Runner from 3rd tries for Home, SAFE, throw by RF to home
|
Batting: LHB George Priftis
|
0-0: Ball 1-0: Fly out, F5 (Line Drive, 5, EV 67.5 MPH)
|
Top of the 3rd over - 1 run, 2 hits, 0 errors, 2 left on base; Tri-City 2 - Bend 0 |
BOTTOM OF THE 3RD |
Bend Bandits batting - Pitching for Tri-City Dust Devils : LHP Bobby Garcia
|
Batting: RHB Mark Frishman
|
0-0: Fly out, F8 (Flyball, 8LD, EV 93.8 MPH)
|
Batting: RHB Rick Austin
|
0-0: Ball 1-0: Foul Ball, location: 2F 1-1: Ball 2-1: Swinging Strike 2-2: Ball 3-2: Foul Ball, location: 2F 3-2: Foul Ball, location: 2F 3-2: Ground out 6-3 (Groundball, 6, EV 80.0 MPH)
|
Batting: RHB Ronald Harper
|
0-0: Ball 1-0: Foul Ball, location: 2F 1-1: Swinging Strike 1-2: Fly out, F9 (Flyball, 9, EV 76.3 MPH)
|
Bottom of the 3rd over - 0 runs, 0 hits, 0 errors, 0 left on base; Tri-City 2 - Bend 0 |
TOP OF THE 4TH |
Tri-City Dust Devils batting - Pitching for Bend Bandits : RHP Mark Schuler
|
Batting: LHB Daraka Shaheed
|
0-0: Ball 1-0: Ball 2-0: Ball 3-0: Base on Balls
|
Batting: RHB Dennis Glynn
|
0-0: Ball 1-0: Swinging Strike Passed Ball! Daraka Shaheed to second 1-1: Fly out, F7 (Flyball, 7S, EV 86.3 MPH)
|
Batting: RHB Jeff DeWillis
|
0-0: Ball Daraka Shaheed is caught stealing 3rd base 2-5 1-0: Called Strike 1-1: Swinging Strike 1-2: Ball 2-2: Fly out, F8 (Flyball, 8RD, EV 101.9 MPH)
|
Top of the 4th over - 0 runs, 0 hits, 0 errors, 0 left on base; Tri-City 2 - Bend 0 |
BOTTOM OF THE 4TH |
Bend Bandits batting - Pitching for Tri-City Dust Devils : LHP Bobby Garcia
|
Batting: LHB Jerome Coleman
|
0-0: Called Strike 0-1: Called Strike 0-2: Strikes out looking
|
Batting: RHB Kevin Romine
|
0-0: Ball 1-0: Ball 2-0: Ball 3-0: Called Strike 3-1: Called Strike 3-2: Ground out 5-3 (Groundball, 56, EV 85.6 MPH)
|
Batting: RHB Jeff Doerr
|
0-0: Ball 1-0: Ball 2-0: Ball 3-0: Called Strike 3-1: Called Strike 3-2: Foul Ball, location: 2F 3-2: Ground out 4-3 (Groundball, 4, EV 91.3 MPH)
|
Bottom of the 4th over - 0 runs, 0 hits, 0 errors, 0 left on base; Tri-City 2 - Bend 0 |
TOP OF THE 5TH |
Tri-City Dust Devils batting - Pitching for Bend Bandits : RHP Mark Schuler
|
Batting: LHB LaVel Freeman
|
0-0: Swinging Strike 0-1: Ball 1-1: Ball 2-1: Ball 3-1: Foul Ball, location: 2F 3-2: Strikes out swinging
|
Batting: LHB Kevin Jones
|
0-0: Ball 1-0: Ball 2-0: Ground out 6-3 (Groundball, 6, EV 82.5 MPH)
|
Batting: RHB Desmond Brooks
|
0-0: Ground out 5-3 (Groundball, 25, EV 85.6 MPH)
|
Top of the 5th over - 0 runs, 0 hits, 0 errors, 0 left on base; Tri-City 2 - Bend 0 |
BOTTOM OF THE 5TH |
Bend Bandits batting - Pitching for Tri-City Dust Devils : LHP Bobby Garcia
|
Batting: LHB Barry Houston
|
0-0: Swinging Strike 0-1: Foul Ball, location: 2F 0-2: Ball 1-2: Ball 2-2: Foul Ball, location: 2F 2-2: Ball 3-2: Ground out 4-3 (Groundball, 4, EV 85.6 MPH)
|
Batting: RHB Trajano Estrela
|
0-0: Ball 1-0: Swinging Strike 1-1: Foul Ball, location: 2F 1-2: Ball 2-2: Foul Ball, location: 2F 2-2: Ground out U3 (Groundball, 13, EV 88.8 MPH)
|
Batting: RHB Jeffrey Thompson
|
0-0: Called Strike 0-1: Foul Ball, location: 2F 0-2: Strikes out swinging
|
Bottom of the 5th over - 0 runs, 0 hits, 0 errors, 0 left on base; Tri-City 2 - Bend 0 |
TOP OF THE 6TH |
Tri-City Dust Devils batting - Pitching for Bend Bandits : RHP Mark Schuler
|
Batting: LHB Rafael Codinach
|
0-0: Called Strike 0-1: Fly out, F9 (Flyball, 9, EV 82.5 MPH)
|
Batting: RHB Felipe Hernandez
|
0-0: Ball 1-0: SINGLE (Line Drive, 7LS, EV 86.9 MPH)
|
Batting: LHB George Priftis
|
0-0: Called Strike 0-1: Ball Wild Pitch! Felipe Hernandez to second 1-1: Swinging Strike 1-2: Strikes out swinging
|
Batting: LHB Daraka Shaheed
|
0-0: Ball 1-0: Called Strike 1-1: Ground out U3 (Groundball, 3L, EV 84.4 MPH)
|
Top of the 6th over - 0 runs, 1 hit, 0 errors, 1 left on base; Tri-City 2 - Bend 0 |
BOTTOM OF THE 6TH |
Bend Bandits batting - Pitching for Tri-City Dust Devils : LHP Bobby Garcia
|
Batting: RHB Mark Frishman
|
0-0: Called Strike 0-1: Ball 1-1: Ball 2-1: Foul Ball, location: 2F 2-2: Foul Ball, location: 2F 2-2: Strikes out swinging
|
Batting: RHB Rick Austin
|
0-0: SINGLE (Groundball, 5D, EV 100.0 MPH)
|
Batting: RHB Ronald Harper
|
0-0: Ball Rick Austin steals 2nd base 1-0: Foul Ball, location: 2F 1-1: Called Strike Rick Austin steals 3rd base (no throw) 1-2: Foul Ball, location: 2F 1-2: SINGLE (Line Drive, 9S, EV 88.8 MPH) Rick Austin scores
|
Batting: LHB Jerome Coleman
|
0-0: Ball 1-0: Fly out, F7 (Flyball, 7S, EV 80.6 MPH)
|
Batting: RHB Kevin Romine
|
0-0: Called Strike 0-1: Ball 1-1: Ground out 6-3 (Groundball, 56, EV 101.3 MPH)
|
Bottom of the 6th over - 1 run, 2 hits, 0 errors, 1 left on base; Tri-City 2 - Bend 1 |
TOP OF THE 7TH |
Tri-City Dust Devils batting - Pitching for Bend Bandits : RHP Mark Schuler
|
Batting: RHB Dennis Glynn
|
0-0: Ball 1-0: Called Strike 1-1: Foul Ball, location: 2F 1-2: Fly out, F8 (Flyball, 8RD, EV 101.9 MPH)
|
Batting: RHB Jeff DeWillis
|
0-0: Ball 1-0: Called Strike 1-1: Called Strike 1-2: Foul Ball, location: 2F 1-2: Foul Ball, location: 2F 1-2: Ball 2-2: Strikes out swinging
|
Batting: LHB LaVel Freeman
|
0-0: Called Strike 0-1: Ground out U3 (Groundball, 3, EV 92.5 MPH)
|
Top of the 7th over - 0 runs, 0 hits, 0 errors, 0 left on base; Tri-City 2 - Bend 1 |
BOTTOM OF THE 7TH |
Bend Bandits batting - Pitching for Tri-City Dust Devils : LHP Bobby Garcia
|
Batting: RHB Jeff Doerr
|
0-0: Fly out, F7 (Flyball, 7, EV 90.6 MPH)
|
Batting: LHB Barry Houston
|
0-0: Ball 1-0: Ground out 4-3 (Groundball, 34, EV 80.0 MPH)
|
Batting: RHB Trajano Estrela
|
0-0: Foul Ball, location: 2F 0-1: SINGLE (Line Drive, 7S, EV 95.6 MPH)
|
Batting: RHB Jeffrey Thompson
|
0-0: Fly out, F9 (Flyball, 9, EV 86.9 MPH)
|
Bottom of the 7th over - 0 runs, 1 hit, 0 errors, 1 left on base; Tri-City 2 - Bend 1 |
TOP OF THE 8TH |
Tri-City Dust Devils batting - Pitching for Bend Bandits : RHP Mark Schuler
|
Batting: LHB Kevin Jones
|
0-0: Swinging Strike 0-1: Swinging Strike 0-2: SINGLE (Line Drive, 4MD, EV 108.1 MPH)
|
Batting: RHB Desmond Brooks
|
0-0: Ball 1-0: Ball 2-0: Called Strike 2-1: Called Strike 2-2: Ball 3-2: Strikes out looking
|
Pitching: RHP Dale Drew
|
|
Batting: LHB Rafael Codinach
|
0-0: Ball 1-0: Called Strike 1-1: Ball 2-1: 2-RUN HOME RUN (Flyball, 89XD, EV 101.3 MPH), Distance : 422 ft
|
Batting: RHB Felipe Hernandez
|
0-0: Called Strike 0-1: SOLO HOME RUN (Flyball, 78XD, EV 95.6 MPH), Distance : 412 ft
|
Batting: LHB George Priftis
|
0-0: Ball 1-0: Ball 2-0: Ball 3-0: Called Strike 3-1: Base on Balls
|
Batting: LHB Daraka Shaheed
|
0-0: Called Strike 0-1: Ball 1-1: Ball 2-1: Called Strike 2-2: Foul Ball, location: 2F 2-2: Ball 3-2: Foul Ball, location: 2F 3-2: Foul Ball, location: 2F 3-2: Strikes out swinging
|
Batting: RHB Dennis Glynn
|
0-0: Ball 1-0: Ball 2-0: Ball 3-0: Foul Ball, location: 2F 3-1: Base on Balls George Priftis to second
|
Batting: RHB Jeff DeWillis
|
0-0: Foul Ball, location: 2F 0-1: Ball 1-1: Ball 2-1: Ball 3-1: Base on Balls George Priftis to third Dennis Glynn to second
|
Batting: LHB LaVel Freeman
|
0-0: Ball 1-0: Called Strike 1-1: Ball 2-1: Foul Ball, location: 2F 2-2: Fly out, F9 (Line Drive, 9, EV 95.6 MPH)
|
Top of the 8th over - 3 runs, 3 hits, 0 errors, 3 left on base; Tri-City 5 - Bend 1 |
BOTTOM OF THE 8TH |
Bend Bandits batting - Pitching for Tri-City Dust Devils : LHP Bobby Garcia
|
Batting: RHB Mark Frishman
|
0-0: Ball 1-0: Called Strike 1-1: Ground out 4-3 (Groundball, 4M, EV 104.4 MPH)
|
Batting: RHB Rick Austin
|
0-0: Ball 1-0: Fly out, F9 (Flyball, 9LM, EV 85.6 MPH)
|
Batting: RHB Ronald Harper
|
0-0: Called Strike 0-1: Fly out, F4 (Popup, 4M, EV 64.4 MPH)
|
Bottom of the 8th over - 0 runs, 0 hits, 0 errors, 0 left on base; Tri-City 5 - Bend 1 |
TOP OF THE 9TH |
Tri-City Dust Devils batting - Pitching for Bend Bandits : RHP Dale Drew
|
Batting: LHB Kevin Jones
|
0-0: Fly out, F7 (Line Drive, 7, EV 88.1 MPH)
|
Batting: RHB Desmond Brooks
|
0-0: Ball 1-0: Foul Ball, location: 2F 1-1: Ball 2-1: Foul Ball, location: 2F 2-2: Fly out, F8 (Flyball, 8LD, EV 96.9 MPH)
|
Batting: LHB Rafael Codinach
|
0-0: Ball 1-0: Ball 2-0: DOUBLE (Line Drive, 9LS, EV 99.4 MPH)
|
Batting: RHB Felipe Hernandez
|
0-0: Ground out 5-3 (Groundball, 56S, EV 65.0 MPH)
|
Top of the 9th over - 0 runs, 1 hit, 0 errors, 1 left on base; Tri-City 5 - Bend 1 |
BOTTOM OF THE 9TH |
Bend Bandits batting - Pitching for Tri-City Dust Devils : LHP Bobby Garcia
|
Batting: LHB Jerome Coleman
|
0-0: Called Strike 0-1: Ball 1-1: Ball 2-1: Ground out 4-3 (Groundball, 4, EV 86.3 MPH)
|
Batting: RHB Kevin Romine
|
0-0: Ball 1-0: Foul Ball, location: 2F 1-1: SOLO HOME RUN (Flyball, 78XD, EV 92.5 MPH), Distance : 411 ft
|
Batting: RHB Jeff Doerr
|
0-0: Ball 1-0: Foul Ball, location: 2F 1-1: Ground out 6-3 (Groundball, 6, EV 89.4 MPH)
|
Batting: LHB Barry Houston
|
0-0: Ball 1-0: Called Strike 1-1: Ball 2-1: Foul Ball, location: 2F 2-2: SINGLE (Groundball, 23, EV 68.8 MPH) (infield hit)
|
Batting: RHB Trajano Estrela
|
0-0: Ball 1-0: Called Strike 1-1: Ball 2-1: Foul Ball, location: 2F 2-2: Fielders Choice at 2nd, U6 (Groundball, 6M, EV 85.6 MPH)
|
Bottom of the 9th over - 1 run, 2 hits, 0 errors, 1 left on base; Tri-City 5 - Bend 2 |
|